 Dungeon Crawl Stone Soup version 0.30-a0-1050-g2766ea1e55 (webtiles) character file.

Game seed: 14404990695410888436

29854 Querens the Thaumaturge (level 13, -13/85 (89) HPs)
             Began as a Gnoll Earth Elementalist on Apr 11, 2023.
             Was the Champion of Cheibriados.
             Killed from afar by an orc sorcerer (25 damage)
             ... with a bolt of negative energy
             ... on level 2 of the Orcish Mines.
             The game lasted 01:03:41 (8884 turns).

Querens the Thaumaturge (Gnoll Earth Elementalist)  Turns: 8884, Time: 01:03:42

HP:   -13/85 (89)   AC: 13    Str: 33 (34) XL:     13   Next: 47%
MP:   27/27         EV: 20    Int: 29 (33) God:    Cheibriados [******]
Gold: 1283          SH: 19    Dex: 28 (30) Spells: 21/32 levels left

rFire   . . .      SeeInvis +    W - +2 war axe (elec)
rCold   + . .      Faith    .    e - +0 kite shield
rNeg    . . .      Spirit   .    E - +0 troll leather armour {Pargi}
rPois   .          Reflect  +    Q - +2 helmet {SInv}
rElec   .          Rampage  .    V - +2 cloak {Stlth+}
rCorr   .                        (no gloves)
Will    .....                    u - +0 pair of boots
Stlth   ++++++                   H - amulet of reflection
HPRegen 1.14/turn                K - ring of Qestoin {+Blink rC- Int+6 Dex+2 SInv}
MPRegen 0.20/turn                m - ring "Giplo Forch" {rC++ Str+6}

@: lightly drained, very slow
A: fangs 1, strong nose, distributed training, dopey 1, [deterioration 1],
[frail 1]
a: Renounce Religion, Evoke Blink, Bend Time, Temporal Distortion, Slouch, Step
From Time


You were on level 2 of the Orcish Mines.
You worshipped Cheibriados.
Cheibriados was exalted by your worship.
You visited 2 branches of the dungeon, and saw 13 of its levels.
You visited the Abyss 1 time.
You also visited: Sewer and Ice Cave.

You collected 1592 gold pieces.
You spent 309 gold pieces at shops.

Inventory:

Hand Weapons
 y - a +1 flail of protection
 W - a +2 war axe of electrocution (weapon)
Missiles
 l - a throwing net
Armour
 e - a +0 kite shield (worn)
 u - a +0 pair of boots (worn)
 v - +0 acid dragon scales
 E - a +0 troll leather armour (worn) {Pargi}
 G - an orb of energy
 Q - a +2 helmet of see invisible (worn)
 V - a +2 cloak of stealth (worn)
Magical Staves
 d - a staff of death
Jewellery
 m - the ring "Giplo Forch" (right hand) {rC++ Str+6}
   (You acquired it on level 8 of the Dungeon)

   [ring of strength]

   Str:       It affects your strength (+6).
   rC:        It greatly protects you from cold.
 q - a ring of protection from cold
 H - an amulet of reflection (around neck)
 K - the ring of Qestoin (left hand) {+Blink rC- Int+6 Dex+2 SInv}
   (You found it in an ice cave)

   [ring of see invisible]

   Int:       It affects your intelligence (+6).
   Dex:       It affects your dexterity (+2).
   rC:        It makes you vulnerable to cold.
   SInv:      It lets you see invisible.
   +Blink:    It lets you blink.
 O - a ring of fire
 P - a +6 ring of intelligence
 R - a ring of wizardry
 X - a ring of positive energy
Wands
 k - a wand of light (2)
 n - a wand of flame (28)
 w - a wand of paralysis (20)
 L - a wand of digging (3)
 M - a wand of mindburst (9)
 U - a wand of roots (4)
Scrolls
 a - 2 scrolls of amnesia
 i - a scroll of summoning {unknown}
 j - 2 scrolls of immolation
 r - 2 scrolls of silence
 z - 4 scrolls of brand weapon
 F - 3 scrolls of magic mapping
 I - a scroll of fear
 J - 6 scrolls of enchant armour
 S - 3 scrolls of enchant weapon
 T - a scroll of poison
 Y - a scroll of fog {unknown}
Potions
 b - a potion of magic
 g - 2 potions of flight
 h - 3 potions of attraction
 p - a potion of mutation
 s - 2 potions of cancellation
 x - 2 potions of resistance
 A - a potion of brilliance {unknown}
 B - 2 potions of curing
 C - 2 potions of invisibility
 D - 2 potions of haste {unknown}
 N - a potion of berserk rage {unknown}
 Z - a potion of lignification


   Skills:
 + Level 8.6 Fighting
 + Level 8.6 Short Blades
 + Level 8.6 Long Blades
 + Level 8.6 Axes
 + Level 8.6 Maces & Flails
 + Level 8.6 Polearms
 + Level 8.6 Staves
 + Level 8.6 Ranged Weapons
 + Level 8.6 Throwing
 + Level 8.6 Armour
 + Level 9.8 Dodging
 + Level 9.6 Stealth
 + Level 8.6 Shields
 + Level 8.6 Unarmed Combat
 + Level 10.0 Spellcasting
 + Level 7.2 Conjurations
 + Level 7.2 Hexes
 + Level 7.2 Summonings
 + Level 7.2 Necromancy
 + Level 7.2 Translocations
 + Level 7.5 Transmutations
 + Level 7.2 Fire Magic
 + Level 7.2 Ice Magic
 + Level 7.2 Air Magic
 + Level 9.1 Earth Magic
 + Level 7.2 Poison Magic
 + Level 9.4 Invocations
 + Level 8.6 Evocations


You had 21 spell levels left.
You knew the following spells:

 Your Spells              Type           Power      Damage    Failure   Level
a - Sandblast             Erth           100%       2d20      1%          1
b - Stone Arrow           Conj/Erth      100%       3d13      1%          3
c - Blink                 Tloc           100%       N/A       1%          2
d - Wereblood             Tmut           55%        N/A       1%          2
e - Ozocubu's Armour      Ice            54%        N/A       1%          3

Your spell library contained the following spells:

 Spells                   Type           Power      Damage    Failure   Level
 Apportation              Tloc           100%       N/A       1%          1
 Beastly Appendage        Tmut           100%       N/A       1%          1
 Shock                    Conj/Air       100%       1d9       1%          1
 Summon Small Mammal      Summ           100%       N/A       1%          1
 Lesser Beckoning         Tloc           100%       N/A       1%          2
 Momentum Strike          Conj/Tloc      100%       3d10      1%          2
 Passwall                 Tmut/Erth      48%        N/A       1%          2
 Call Canine Familiar     Summ           54%        N/A       1%          3
 Frozen Ramparts          Ice            100%       1d16      1%          3
 Ignite Poison            Fire/Tmut/Pois 54%        N/A       1%          3
 Spider Form              Tmut/Pois      55%        N/A       1%          3
 Summon Guardian Golem    Hex/Summ       54%        N/A       1%          3
 Swiftness                Air            54%        N/A       1%          3
 Tukima's Dance           Hex            54%        N/A       1%          3
 Petrify                  Tmut/Erth      58%        N/A       3%          4
 Airstrike                Air            27%        2d(4-20)  4%          4
 Anguish                  Hex/Necr       27%        N/A       4%          4
 Animate Dead             Necr           54%        N/A       4%          4
 Passage of Golubria      Tloc           54%        N/A       4%          4
 Sticky Flame             Conj/Fire      54%        2d7       4%          4
 Summon Ice Beast         Ice/Summ       54%        N/A       4%          4
 Alistair's Intoxication  Tmut/Pois      36%        N/A       13%         5
 Yara's Violent Unravell  Hex/Tmut       27%        3d12      13%         5
 Metabolic Englaciation   Hex/Ice        27%        N/A       14%         5
 Orb of Destruction       Conj           27%        9d9       99%         7
 Ozocubu's Refrigeration  Ice            27%        4d13      99%         7
 Ignition                 Fire           27%        3d9       100%        8


Dungeon Overview and Level Annotations

Branches:
Dungeon (11/15)            Temple (0/1) D:6            Lair (0/5) D:9
    Orc (2/2) D:11            Elf (0/3) Orc:2         Sewer (visited)
  IceCv (visited)

Altars:
Cheibriados
Elyvilon
Kikubaaqudgha
Makhleb
Okawaru
Qazlal
Ru
Sif Muna
Vehumet
Yredelemnul

Shops:
D:6 ?=   D:8 *


Innate Abilities, Weirdness & Mutations

You have very sharp teeth.
Your uncanny sense of smell can sniff out nearby items.
Your experience applies equally to all skills.
You are dopey. (Int -2)
[Your body sometimes deteriorates upon taking damage.]
[You are frail. (-10% HP)]


Message History

Unknown command.
You slash the orc priest!
Lightning courses through the orc priest!
You kill the orc priest!
Cheibriados thoroughly appreciates the change of pace.
You hit the chaos spawn but do no damage.
Lightning courses through the chaos spawn!!
You block the chaos spawn's attack. You block the orc sorcerer's attack.
Unknown command.
Unknown command.
You barely miss the orc sorcerer. You slash the chaos spawn!
The chaos spawn gores you.
The orc sorcerer points at you and mumbles some strange words.
The bolt of fire hits you!!
* * * LOW HITPOINT WARNING * * *
Unknown command.
Unknown command.
Unknown command.
You miss the orc sorcerer.
You hit the chaos spawn but do no damage.
Lightning courses through the chaos spawn!
You kill the chaos spawn!
The chaos spawn degenerates into a cloud of primal chaos!
The orc sorcerer points at you and mumbles some strange words.
The bolt of fire hits you!
* * * LOW HITPOINT WARNING * * *
Unknown command.
Unknown command.
You slash the orc sorcerer!
You bite the orc sorcerer, but do no damage.
The orc sorcerer is moderately wounded.
The orc sorcerer suddenly grunts.
The orc sorcerer gestures wildly while chanting.
Unknown command.
Unknown command.
You slice the orc sorcerer!!
The orc sorcerer is almost dead.
The orc sorcerer casts a spell at you. The bolt of negative energy hits you!!
You feel drained.
You die...

################## # ###
#####....#....#...#... ##
##.#####.##..................
.####...##.....#.................
#.#.#...#........................
.................................
..#.#.............4..............
...##.....))...)))...............
..#.#.........).@o...............
.....#.....#...).................
.##.####..#...)).................
.....##..........................
....####.#....#..................
...## ####...#..................
...# ##...#................. ..##
............#......... .##
.......................


You could see an ice devil (summoned) and an orc sorcerer.

Vanquished Creatures
  An azure jelly (IceCv)
  2 quicksilver oozes (IceCv)
  A purple draconian (Abyss:1)
  Josephine (D:10)
  Erolcha (D:11)
  The ghost of MacCMillion the Skirmisher, a novice DgHu (D:11)
  An orc high priest (Orc:2)
  Sonja (Orc:1)
  2 ugly things (D:11)
  2 orc sorcerers
  2 cyclopes (D:11)
  2 manticores
  4 centaur zombies (D:8)
  Maurice (D:7)
  2 ice statues (IceCv)
  2 gargoyles
  A kobold demonologist (D:8)
  Psyche (D:10)
  2 large abominations (Abyss:1)
  2 rime drakes (D:11)
  An unseen horror (D:7)
  2 hellwings (D:8)
  3 trolls
  Prince Ribbit (D:6)
  A meliai zombie (D:8)
  21 slime creatures (IceCv)
  6 wraiths
  9 yaks
  A shadow (D:10)
  Eustachio (D:4)
  A steam dragon (D:9)
  A basilisk (shapeshifter) (D:11)
  5 wyverns
  A vampire mosquito (D:9)
  4 wargs
  2 water moccasins
  3 acid dragons (D:10)
  Pargi (Sewer)
  16 orc warriors
  A sky beast (D:8)
  3 great orb of eyes simulacra (IceCv)
  7 ogres
  4 centaurs
  2 slime creature simulacra (IceCv)
  Blork the orc (D:6)
  3 kobold brigands
  4 glowing shapeshifter simulacra (IceCv)
  2 bullfrogs
  A gnoll sergeant (D:11)
  9 wights
  7 killer bees
  4 howler monkeys
  2 jellies (D:6)
  11 orc priests
  4 hounds
  A gnoll bouda (D:8)
  29 orc wizards
  2 iguanas (D:6)
  A shapeshifter simulacrum (IceCv)
  10 adders
  10 gnolls
  4 shadow imps
  3 white imps
  A worm (D:2)
  3 dart slugs
  47 orcs
  4 endoplasms
  2 giant cockroaches
  6 goblins
  2 hobgoblins
  5 jackals
  18 kobolds
  6 quokkas
  4 ball pythons
  5 bats
  2 frilled lizards (D:1)
  3 rats
345 creatures vanquished.

Vanquished Creatures (others)
  An orc (Orc:2)
1 creature vanquished.

Grand Total: 346 creatures vanquished

Notes
Turn   | Place    | Note
-------+----------+-------------------------------------------
     0 | D:1      | Querens the Gnoll Earth Elementalist began the quest for
                  | the Orb.
     0 | D:1      | Reached XP level 1. HP: 13/13 MP: 6/6
    92 | D:1      | Reached XP level 2. HP: 19/19 MP: 4/7
   235 | D:1      | Got the Collected Works on Spectral Conjuring
   337 | D:1      | Found a faded altar of an unknown god.
   340 | D:1      | Reached skill level 5 in Spellcasting
   340 | D:1      | Reached XP level 3. HP: 25/25 MP: 5/9
   580 | D:2      | Reached skill level 1 in Invocations
   582 | D:2      | Reached skill level 1 in Fighting
   582 | D:2      | Reached skill level 1 in Short Blades
   582 | D:2      | Reached skill level 1 in Long Blades
   582 | D:2      | Reached skill level 1 in Axes
   582 | D:2      | Reached skill level 1 in Maces & Flails
   582 | D:2      | Reached skill level 1 in Polearms
   582 | D:2      | Reached skill level 1 in Staves
   582 | D:2      | Reached skill level 1 in Ranged Weapons
   582 | D:2      | Reached skill level 1 in Throwing
   582 | D:2      | Reached skill level 1 in Armour
   582 | D:2      | Reached skill level 1 in Shields
   582 | D:2      | Reached skill level 1 in Unarmed Combat
   582 | D:2      | Reached skill level 1 in Evocations
   687 | D:2      | Reached XP level 4. HP: 32/32 MP: 8/11
   933 | D:3      | Reached skill level 1 in Conjurations
   933 | D:3      | Reached skill level 1 in Hexes
   933 | D:3      | Reached skill level 1 in Summonings
   933 | D:3      | Reached skill level 1 in Necromancy
   933 | D:3      | Reached skill level 1 in Translocations
   933 | D:3      | Reached skill level 1 in Fire Magic
   933 | D:3      | Reached skill level 1 in Ice Magic
   933 | D:3      | Reached skill level 1 in Air Magic
   933 | D:3      | Reached skill level 1 in Poison Magic
  1344 | D:3      | Reached XP level 5. HP: 36/37 MP: 9/12
  1535 | D:4      | Noticed Eustachio
  1554 | D:4      | Killed Eustachio
  1555 | D:4      | Reached skill level 5 in Dodging
  1555 | D:4      | Reached XP level 6. HP: 15/44 MP: 5/14
  1810 | D:5      | Entered Level 5 of the Dungeon
  1810 | D:5      | Found a glowing drain.
  2007 | Sewer    | Entered a sewer
  2052 | Sewer    | Noticed Pargi
  2058 | Sewer    | Killed Pargi
  2059 | Sewer    | Reached XP level 7. HP: 48/51 MP: 10/15
  2439 | D:5      | Reached skill level 5 in Stealth
  2595 | D:6      | Found Wacoka's Magic Scroll Boutique.
  2597 | D:6      | Bought a scroll of noise for 13 gold pieces
  2597 | D:6      | Bought a scroll of identify for 26 gold pieces
  2597 | D:6      | Bought a scroll of enchant armour for 97 gold pieces
  2597 | D:6      | Bought a scroll of magic mapping for 97 gold pieces
  2597 | D:6      | Bought a scroll of identify for 26 gold pieces
  2598 | D:6      | Found a basalt altar of Yredelemnul.
  2617 | D:6      | Found Niqa's Jewellery Emporium.
  2627 | D:6      | Found a burning altar of Makhleb.
  2631 | D:6      | Found a snail-covered altar of Cheibriados.
  2641 | D:6      | Became a worshipper of Cheibriados the Contemplative
  2679 | D:6      | Found a staircase to the Ecumenical Temple.
  2761 | D:6      | Noticed Blork the orc
  2769 | D:6      | Killed Blork the orc
  2770 | D:6      | Reached XP level 8. HP: 49/58 MP: 2/16
  2968 | D:6      | Reached skill level 6 in Spellcasting
  3054 | D:6      | Noticed Prince Ribbit
  3063 | D:6      | Killed Prince Ribbit
  3066 | D:6      | Found an iron altar of Okawaru.
  3154 | D:6      | Found an ancient bone altar of Kikubaaqudgha.
  3374 | D:7      | Reached * piety under Cheibriados
  3501 | D:7      | Reached XP level 9. HP: 57/65 MP: 8/18
  3504 | D:7      | Found a sacrificial altar of Ru.
  3881 | D:7      | Reached ** piety under Cheibriados
  3990 | D:7      | Noticed an unseen horror
  4002 | D:7      | Killed an unseen horror
  4064 | D:8      | Noticed a hellwing
  4156 | D:8      | Noticed Maurice
  4174 | D:7      | Reached skill level 5 in Invocations
  4187 | D:7      | Reached skill level 7 in Spellcasting
  4242 | D:7      | Killed Maurice
  4243 | D:7      | Reached skill level 5 in Fighting
  4243 | D:7      | Reached skill level 5 in Short Blades
  4243 | D:7      | Reached skill level 5 in Long Blades
  4243 | D:7      | Reached skill level 5 in Axes
  4243 | D:7      | Reached skill level 5 in Maces & Flails
  4243 | D:7      | Reached skill level 5 in Polearms
  4243 | D:7      | Reached skill level 5 in Staves
  4243 | D:7      | Reached skill level 5 in Ranged Weapons
  4243 | D:7      | Reached skill level 5 in Throwing
  4243 | D:7      | Reached skill level 5 in Armour
  4243 | D:7      | Reached skill level 5 in Shields
  4243 | D:7      | Reached skill level 5 in Unarmed Combat
  4243 | D:7      | Reached skill level 5 in Evocations
  4243 | D:7      | Reached XP level 10. HP: 47/74 MP: 1/20
  4371 | D:8      | Found Mumuw's General Store.
  4390 | D:8      | Reached *** piety under Cheibriados
  4391 | D:8      | Reached skill level 5 in Transmutations
  4775 | D:8      | Bought a potion of curing for 30 gold pieces
  4775 | D:8      | Bought a scroll of identify for 20 gold pieces
  4776 | D:8      | Identified a scroll of acquirement
  4780 | D:8      | Acquired the ring "Giplo Forch" {rC++ Str+6}
  4890 | D:9      | Noticed a kobold demonologist
  4893 | D:9      | Noticed a gargoyle
  4896 | D:9      | Noticed a sixfirhy
  4900 | D:9      | Reached skill level 5 in Conjurations
  4900 | D:9      | Reached skill level 5 in Hexes
  4900 | D:9      | Reached skill level 5 in Summonings
  4900 | D:9      | Reached skill level 5 in Necromancy
  4900 | D:9      | Reached skill level 5 in Translocations
  4900 | D:9      | Reached skill level 5 in Fire Magic
  4900 | D:9      | Reached skill level 5 in Ice Magic
  4900 | D:9      | Reached skill level 5 in Air Magic
  4900 | D:9      | Reached skill level 5 in Poison Magic
  4902 | D:9      | Reached XP level 11. HP: 30/81 MP: 10/22
  4932 | D:8      | Learned a level 3 spell: Stone Arrow
  4935 | D:8      | Learned a level 2 spell: Blink
  4949 | D:8      | Reached skill level 8 in Spellcasting
  4988 | D:9      | Reached **** piety under Cheibriados
  5237 | D:9      | Found a white marble altar of Elyvilon.
  5399 | D:9      | Found a radiant altar of Vehumet.
  5536 | D:9      | Found a staircase to the Lair.
  5648 | D:9      | Found a stormy altar of Qazlal.
  5763 | D:10     | Entered Level 10 of the Dungeon
  5765 | D:10     | Noticed Psyche
  5770 | D:10     | Killed Psyche
  5777 | D:10     | Identified the +0 ring mail of Life {Dex+4}
  5820 | D:10     | Noticed a manticore
  5831 | D:10     | Killed a manticore
  6201 | D:10     | Noticed Josephine
  6210 | D:10     | Killed Josephine
  6474 | D:11     | Found a frozen archway.
  6492 | IceCv    | Entered an ice cave
  6538 | IceCv    | Learned a level 2 spell: Wereblood
  6545 | IceCv    | Noticed a quicksilver ooze
  6559 | IceCv    | Killed a quicksilver ooze
  6560 | IceCv    | Reached XP level 12. HP: 10/91 MP: 0/24
  6561 | IceCv    | HP: 4/91 [glowing shapeshifter simulacrum (4)]
  6561 | IceCv    | HP: 1/91 [glowing shapeshifter simulacrum (3)]
  6578 | IceCv    | Reached ***** piety under Cheibriados
  6596 | IceCv    | Got the Handbook of the Wendigo
  6605 | IceCv    | Learned a level 3 spell: Ozocubu's Armour
  6745 | IceCv    | Reached skill level 9 in Spellcasting
  6884 | IceCv    | Noticed a quicksilver ooze
  6914 | IceCv    | Killed a quicksilver ooze
  7028 | IceCv    | Found a viscous altar of Jiyva.
  7028 | IceCv    | Noticed an azure jelly
  7054 | IceCv    | Killed an azure jelly
  7095 | IceCv    | Identified the ring of Qestoin {+Blink rC- Int+6 Dex+2
                  | SInv}
  7407 | D:11     | Found a staircase to the Orcish Mines.
  7515 | D:11     | Noticed Erolcha
  7522 | D:11     | Killed Erolcha
  7543 | D:11     | Found a runed translucent gate.
  7544 | D:11     | Found a runed translucent gate.
  7545 | D:11     | Found a runed translucent gate.
  7546 | D:11     | Noticed MacCMillion's ghost (novice DgHu)
  7561 | D:11     | a manticore changed into a shock serpent
  7561 | D:11     | Noticed a shock serpent (glowing shapeshifter)
  7562 | D:11     | a shock serpent changed into a torpor snail
  7574 | D:11     | Reached XP level 13. HP: 98/98 MP: 21/26
  7676 | D:11     | Killed MacCMillion's ghost
  7728 | Orc:1    | Entered Level 1 of the Orcish Mines
  7816 | Orc:1    | Noticed Sonja
  7817 | Orc:1    | Reached ****** piety under Cheibriados
  7825 | Abyss:1  | Found a corrupted altar of Lugonu.
  7825 | Abyss:1  | Cast into level 1 of the Abyss (Sonja)
  7872 | Abyss:1  | Noticed a purple draconian
  7882 | Abyss:1  | Noticed an angel
  7888 | Abyss:1  | Killed a purple draconian
  7908 | Abyss:1  | HP: 3/99 [angel/+1 whip of holy wrath (17)]
  7973 | Abyss:1  | Gained mutation: You are dopey. (Int -2) [a neqoxec]
  8050 | Orc:1    | Escaped the Abyss
  8059 | Orc:1    | Killed Sonja
  8264 | Orc:2    | Entered Level 2 of the Orcish Mines
  8343 | Orc:2    | Found a staircase to the Elven Halls.
  8647 | Orc:2    | Reached skill level 10 in Spellcasting
  8649 | Orc:2    | Noticed an orc warlord
  8651 | Orc:2    | HP: 2/79 [red devil/+0 trident[an orc high priest] (6)]
  8656 | Orc:2    | HP: 1/79 [hellwing[an orc high priest] (4)]
  8704 | Orc:2    | Found a shimmering blue altar of Sif Muna.
  8884 | Orc:2    | Killed from afar by an orc sorcerer

Illustrated notes

Levels and vault maps discovered:
D:1:      mrwooster_arrival_statue_3, layout_basic,
          shapermc_ecumenical_altar_pompeii
D:2:      layout_rooms
D:3:      layout_basic, skrybe_limestone_x
D:4:      layout_gridville, uniq_eustachio
D:5:      layout_cave_pods, gup_sewer_entry_glass, kennysheep_cross_bottleneck,
          grunt_decor_resistance
D:6:      layout_cave_pods, kennysheep_mini_moat, mainiacjoe_overflow_catwalk,
          mainiacjoe_overflow_small_starburst, grunt_temple_overflow_open,
          temple_hall, serial_shops, shop, shop, uniq_prince_ribbit1,
          uniq_blork_the_orc
D:7:      layout_loops_ring, mainiacjoe_overflow_brackets
D:8:      cheibrodos_grave_circle, layout_cave_pools, serial_shops, shop,
          uniq_maurice
D:9:      minmay_bloctagon, layout_long_grid, nicolae_overflow_crystal_walls,
          vehumet_altar_wand_db, nicolae_qazlal_eye_of_the_storm,
          lair_entry_dummy
D:10:     layout_gridville, uniq_psyche, uniq_josephine
D:11:     layout_roguey, david_orc_2, gammafunk_ghost_split,
          portal_ice_cave_rime, chequers_serial_rivers_micro_e, uniq_erolcha
Orc:1:    layout_diamond_mine, uniq_sonja
Orc:2:    st_orc_congregation, layout_caves, kennysheep_orc_sif_temple

Skill      XL: |  1  2  3  4  5  6  7  8  9 10 11 12 13 |
---------------+----------------------------------------+-----
Transmutations | 2 3 4 5 6 7 |  7.5
Spellcasting   | 5 6 7 8 9 10 | 10.0
Invocations    | 1 2 3 4 5 6 7 8 9 |  9.4
Fighting       | 1 2 3 5 6 7 8 |  8.6
Short Blades   | 1 2 3 5 6 7 8 |  8.6
Long Blades    | 1 2 3 5 6 7 8 |  8.6
Axes           | 1 2 3 5 6 7 8 |  8.6
Maces & Flails | 1 2 3 5 6 7 8 |  8.6
Polearms       | 1 2 3 5 6 7 8 |  8.6
Staves         | 1 2 3 5 6 7 8 |  8.6
Ranged Weapons | 1 2 3 5 6 7 8 |  8.6
Throwing       | 1 2 3 5 6 7 8 |  8.6
Armour         | 1 2 3 5 6 7 8 |  8.6
Shields        | 1 2 3 5 6 7 8 |  8.6
Unarmed Combat | 1 2 3 5 6 7 8 |  8.6
Evocations     | 1 2 3 5 6 7 8 |  8.6
Conjurations   | 1 2 3 4 5 6 7 |  7.2
Hexes          | 1 2 3 4 5 6 7 |  7.2
Summonings     | 1 2 3 4 5 6 7 |  7.2
Necromancy     | 1 2 3 4 5 6 7 |  7.2
Translocations | 1 2 3 4 5 6 7 |  7.2
Fire Magic     | 1 2 3 4 5 6 7 |  7.2
Ice Magic      | 1 2 3 4 5 6 7 |  7.2
Air Magic      | 1 2 3 4 5 6 7 |  7.2
Poison Magic   | 1 2 3 4 5 6 7 |  7.2
Dodging        | 5 6 7 8 9 |  9.8
Stealth        | 5 6 7 8 9 |  9.6
Earth Magic    | 6 7 8 9 |  9.1

Action                     |  1- 3 |  4- 6 |  7- 9 | 10-12 | 13-15 || total
---------------------------+-------+-------+-------+-------+-------++-------
  Melee: Unarmed           |    16 |       |       |       |       ||    16
         Bite              |     1 |     2 |    13 |   113 |    41 ||   170
         Dagger            |     5 |    30 |       |       |       ||    35
         Flail             |       |     8 |   128 |   592 |   134 ||   862
         War axe           |       |       |       |       |   140 ||   140
   Cast: Sandblast         |    37 |    56 |   138 |   100 |       ||   331
         Stone Arrow       |       |       |       |    63 |     5 ||    68
         Ozocubu's Armour  |       |       |       |    12 |     8 ||    20
         Wereblood         |       |       |       |     1 |     2 ||     3
 Invoke: Bend Time         |       |       |       |     2 |     4 ||     6
         Temporal Distorti |       |       |       |       |     1 ||     1
  Evoke: Wand              |       |       |       |    16 |     4 ||    20
    Use: Potion            |       |     3 |       |     1 |     5 ||     9
         Scroll            |       |       |     9 |    13 |     5 ||    27
   Stab: Sleeping          |     1 |     5 |     1 |     4 |     3 ||    14
         Paralysed         |       |       |       |    28 |       ||    28
         Distracted        |       |       |       |       |     1 ||     1
         Invisible         |       |       |       |       |     1 ||     1
 Armour: Robe              |     4 |    19 |       |       |       ||    23
         Troll leather arm |       |       |    96 |   297 |    73 ||   466
  Dodge: Dodged            |    33 |    51 |   142 |   454 |   161 ||   841
  Block: Kite shield       |     4 |    41 |   226 |   815 |   372 ||  1458
         Reflection        |       |       |     1 |    12 |    13 ||    26

Table legend: (Time is in decaauts)
 A = Elapsed time spent in this place.
 B = Non-inter-level travel time spent in this place.
 C = Inter-level travel time spent in this place.
 D = Time resting spent in this place.
 E = Time spent auto-exploring this place.
 F = Levels seen in this place.
 G = Mean time per level.
                   A        B        C        D        E       F      G
               +--------+--------+--------+--------+--------+-----+--------+
         Total |  12479 |  11429 |   1050 |      0 |      0 |  16 |  779.9 |
       Dungeon |   9300 |   8408 |    892 |      0 |      0 |  11 |  845.5 |
  Orcish Mines |   1654 |   1496 |    158 |      0 |      0 |   2 |  827.0 |
         Abyss |    397 |    397 |      0 |      0 |      0 |   1 |  397.0 |
         Sewer |    125 |    125 |      0 |      0 |      0 |   1 |  125.0 |
      Ice Cave |   1002 |   1002 |      0 |      0 |      0 |   1 | 1002.0 |
               +--------+--------+--------+--------+--------+-----+--------+

Top non-repeatable levels by time:
     D:9: 1475 daAuts
     D:7: 1236 daAuts
    D:10: 1194 daAuts
   Orc:2: 1119 daAuts
     D:6: 1010 daAuts
   IceCv: 1002 daAuts
    D:11: 955 daAuts
     D:8: 881 daAuts
     D:5: 700 daAuts
     D:3: 656 daAuts
   Orc:1: 535 daAuts
     D:1: 533 daAuts
 Abyss:1: 397 daAuts
     D:2: 332 daAuts
     D:4: 322 daAuts
